 Dungeon Crawl Stone Soup version 0.21-a0-442-g848f44b (webtiles) character file.

1075 tilp the Magician (level 8, -9/41 HPs)
             Began as a Deep Elf Fire Elementalist on Nov 16, 2017.
             Shot with an arrow by a centaur (11 damage)
             ... on level 6 of the Dungeon.
             The game lasted 00:19:40 (7139 turns).

tilp the Magician (Deep Elf Fire Elementalist)      Turns: 7139, Time: 00:19:41

Health: -9/41      AC:  1    Str:  5    XL:     8   Next: 8%
Magic:  19/21      EV: 13    Int: 23    God:
Gold:   74         SH:  0    Dex: 15    Spells: 7/22 levels left

rFire    . . .     SeeInvis .   v - +0 whip (drain)
rCold    . . .     Gourm    .   (no shield)
rNeg     . . .     Faith    .   a - +0 robe
rPois    .         Spirit   .   x - +2 helmet
rElec    .         Reflect  .   (no cloak)
rCorr    .         Harm     .   (no gloves)
MR       .....                  (no boots)
Stlth    ++........             (no amulet)
HPRegen  0.13/turn              (no ring)
MPRegen  0.17/turn              (no ring)

@: corroded
A: no striking features
a: no special abilities


You were on level 6 of the Dungeon.
You were very hungry.

You visited 1 branch of the dungeon, and saw 6 of its levels.

You collected 302 gold pieces.
You spent 228 gold pieces at shops.

Inventory:

Hand Weapons
 i - a +0 hunting sling
 o - a +2 mace of holy wrath
 v - a +0 whip of draining (weapon)
Missiles
 g - 211 stones (quivered)
 p - 98 sling bullets
 r - 13 poisoned needles
 u - 119 arrows
Armour
 a - a +0 robe (worn)
 x - a +2 helmet (worn)
Wands
 t - a wand of paralysis (13/24)
 A - a wand of confusion (34/48)
Scrolls
 e - 3 scrolls of enchant weapon {unknown}
 f - 3 scrolls of remove curse
 h - 6 scrolls of teleportation
 j - 2 scrolls of enchant armour
 n - 2 scrolls of fog
 s - 2 scrolls of amnesia {unknown}
 y - a scroll of magic mapping {unknown}
 C - 2 scrolls of fear
 D - a scroll of immolation {unknown}
 I - a scroll of blinking {unknown}
Potions
 k - a potion of brilliance
 l - 5 potions of curing
 m - 2 potions of resistance
 w - 2 potions of agility
 z - a potion of lignification
 B - 2 potions of ambrosia
 E - a potion of magic
 G - 2 potions of flight
 J - a potion of degeneration {unknown}
Books
 b - a book of Flames

   Spells                             Type                      Level
   a - Flame Tongue                   Conjuration/Fire             1
   b - Throw Flame                    Conjuration/Fire             2
   c - Conjure Flame                  Conjuration/Fire             3
   d - Inner Flame                    Hexes/Fire                   3
   e - Sticky Flame                   Conjuration/Fire             4
   f - Fireball                       Conjuration/Fire             5
Comestibles
 c - 5 bread rations
 d - 2 meat rations
 q - 3 royal jellies


   Skills:
 - Level 2.4 Dodging
 - Level 2.4 Stealth
 + Level 7.7 Spellcasting
 + Level 5.9 Conjurations
 + Level 6.8 Fire Magic


You had 7 spell levels left.
You knew the following spells:

 Your Spells              Type           Power        Failure   Level  Hunger
a - Flame Tongue          Conj/Fire      #####        1%          1    None
b - Throw Flame           Conj/Fire      #####.       1%          2    None
c - Conjure Flame         Conj/Fire      #####...     1%          3    None
d - Sticky Flame          Conj/Fire      #####...     4%          4    ###....
e - Fireball              Conj/Fire      #####.....   14%         5    #####..


Dungeon Overview and Level Annotations

Branches:
Dungeon (6/15)
 Temple: D:4-7

Altars:

Shops:
D:4 }   D:5 ?   D:6 *

Annotations:
D:4 exclusion: phantom
D:5 Edmund


Message History

You start resting.
Magic restored.
You climb downwards.
There is a stone staircase leading up here.
You see here a scale mail.
A centaur comes into view.
Casting: Flame Tongue
Confirm with . or Enter, or press ? or * to list all spells.
Aiming: Throw Flame
Press: ? - help, Shift-Dir - straight line, f - centaur
Aim: a centaur (hasn't noticed you)
The puff of flame hits the centaur.
The centaur is moderately wounded.
The centaur zaps a wand.
The bolt of acid hits you!
Ouch! That really hurt!
The acid corrodes you!
You are splashed with acid!
The acid burns!
* * * LOW HITPOINT WARNING * * *
It is a wand of acid (?/15).
The centaur wields a shortbow.
The centaur shoots an arrow.
The arrow hits you!
You die...

#...............#
#.#############.#
#.............#.#
#.###########c#.#
###.# #.#[# ....#
#.#.# ....# #.#.#
###.# ##.#.# .##.#
#..@.# .##<#
#######..### .##.#
#.........#
....####.#####..##
......h..# #.##
.######..# #.# .#
#..# #.# .#
#.h#####.## .#
#.........#


You could see a centaur.

Vanquished Creatures
  The ghost of Goblin1989 the Ducker, an amateur FeMo (D:6)
  An ice beast (D:5)
  An ogre (D:4)
  A centaur (D:5)
  A bullfrog (D:5)
  A water moccasin skeleton (D:5)
  2 scorpions
  A howler monkey (D:5)
  An orc wizard (D:3)
  A hound (D:4)
  A bullfrog skeleton (D:6)
  An iguana (D:4)
  3 worker ants (D:4)
  A worker ant zombie (D:5)
  4 gnolls
  9 adders
  An adder zombie (D:5)
  5 worms
  2 dart slugs (D:1)
  5 leopard geckos
  3 orcs (D:3)
  6 giant cockroaches
  7 goblins
  12 hobgoblins
  7 jackals
  7 kobolds
  4 quokkas
  A ball python (D:4)
  A bat (D:2)
  A frilled lizard (D:1)
  A jackal skeleton (D:4)
  2 leopard gecko skeletons
  6 rats
101 creatures vanquished.

Notes
Turn   | Place    | Note
-------+----------+-------------------------------------------
     0 | D:1      | tilp the Deep Elf Fire Elementalist began the quest for the Orb.
     0 | D:1      | Reached XP level 1. HP: 10/10 MP: 6/6
   310 | D:1      | Reached XP level 2. HP: 15/15 MP: 6/8
   315 | D:1      | Learned a level 2 spell: Throw Flame
  1319 | D:2      | Reached XP level 3. HP: 19/19 MP: 6/10
  1570 | D:2      | Learned a level 3 spell: Conjure Flame
  2376 | D:3      | Reached skill level 4 in Spellcasting
  2801 | D:3      | Reached XP level 4. HP: 24/24 MP: 8/12
  3033 | D:3      | Learned a level 4 spell: Sticky Flame
  3509 | D:4      | Noticed an ogre
  3516 | D:4      | Killed an ogre
  3516 | D:4      | Reached skill level 5 in Spellcasting
  3516 | D:4      | Reached XP level 5. HP: 28/28 MP: 5/14
  3751 | D:4      | Noticed a phantom
  3811 | D:4      | Reached skill level 5 in Fire Magic
  3811 | D:4      | Reached XP level 6. HP: 32/32 MP: 9/16
  4486 | D:4      | Found Xehycvoo's Gadget Shop.
  4604 | D:3      | Learned a level 5 spell: Fireball
  4677 | D:3      | Reached skill level 6 in Spellcasting
  4945 | D:5      | Entered Level 5 of the Dungeon
  5311 | D:5      | Reached XP level 7. HP: 36/36 MP: 14/18
  5390 | D:5      | Found Wubros's Magic Scroll Emporium.
  5472 | D:5      | Bought a scroll of fog for 26 gold pieces
  5472 | D:5      | Bought a scroll of identify for 26 gold pieces
  5472 | D:5      | Bought a scroll of identify for 26 gold pieces
  5472 | D:5      | Bought a scroll of fear for 45 gold pieces
  5699 | D:5      | Reached skill level 5 in Conjurations
  5818 | D:5      | Reached skill level 7 in Spellcasting
  6228 | D:5      | Noticed Edmund
  6570 | D:6      | Found Tuibanogh's General Store.
  6573 | D:6      | Bought a scroll of enchant armour for 105 gold pieces
  6918 | D:6      | Noticed Goblin1989's ghost (amateur FeMo)
  6937 | D:6      | Killed Goblin1989's ghost
  6937 | D:6      | Reached XP level 8. HP: 41/41 MP: 1/21
  7139 | D:6      | HP: 2/41 [acid (12)]
  7139 | D:6      | Shot with an arrow by a centaur

Vault maps used:
D:1:      minmay_arrival_open_corners
D:3:      first_bread, minmay_goblin_outpost
D:4:      serial_shops, shop
D:5:      serial_shops, shop_fountains, uniq_edmund
D:6:      serial_shops, kennysheep_mini, trog_eyes_of_draining

Skill      XL: |  1  2  3  4  5  6  7 |
---------------+----------------------+-----
Conjurations   | 2 3 4 5 |  5.9
Spellcasting   | 4 5 6 7 |  7.7
Fire Magic     | 4 5 6 |  6.8
Dodging        | |  2.4
Stealth        | |  2.4

Action                   |  1- 3 |  4- 6 |  7- 9 || total
-------------------------+-------+-------+-------++-------
Melee: Mace              |     1 |       |       ||     1
       Whip              |       |    23 |       ||    23
Throw: Stone             |     1 |       |       ||     1
 Cast: Flame Tongue      |    47 |    70 |    56 ||   173
       Throw Flame       |    19 |    22 |    10 ||    51
       Conjure Flame     |     1 |    11 |     8 ||    20
       Sticky Flame      |       |     2 |     3 ||     5
  Use: Scroll            |     6 |     3 |     5 ||    14
  Eat: Chunk             |     5 |     9 |     5 ||    19
Armor: Robe              |     2 |     1 |     1 ||     4
Dodge: Dodged            |     9 |    27 |     6 ||    42

Table legend:
 A = Spawn XP
 B = Non-spawn XP
 C = Spawn XP percentage of total XP
 D = Spawn monster count
 E = Non-spawn monster count
 F = Spawn count percentage of total count
 G = Total turns spent on level
                    A         B        C        D         E        F      G
               +---------+---------+-------+---------+---------+-------+---------
         Total |       0 |    1537 |   0.0 |       0 |     101 |   0.0 |  7139
               +---------+---------+-------+---------+---------+-------+---------
           D:1 |       0 |      34 |   0.0 |       0 |      18 |   0.0 |  1220
           D:2 |       0 |      39 |   0.0 |       0 |      14 |   0.0 |  1355
           D:3 |       0 |     126 |   0.0 |       0 |      22 |   0.0 |  1163
           D:4 |       0 |     411 |   0.0 |       0 |      22 |   0.0 |  1426
           D:5 |       0 |     590 |   0.0 |       0 |      18 |   0.0 |  1471
           D:6 |       0 |     337 |   0.0 |       0 |       7 |   0.0 |   504
               +---------+---------+-------+---------+---------+-------+---------
